 Dungeon Crawl Stone Soup version 0.14-a0-3109-ga7442b6 (webtiles) character file.

599 Kae the Insei (level 6, 0/47 HPs)
             Began as a Draconian Transmuter on Mar 7, 2014.
             Slain by Prince Ribbit (6 damage)
             ... on Level 4 of the Dungeon.
             The game lasted 00:07:16 (4617 turns).

Kae the Insei (Draconian Transmuter)                Turns: 4617, Time: 00:07:17

HP   0/47        AC  7     Str 12      XL: 6   Next: 91%
MP   7/10        EV 12     Int 13      God:
Gold 108         SH  0     Dex 14      Spells:  3 memorised,  3 levels left

rFire  . . .     SeeInvis .       - Unarmed
rCold  . . .     Clarity  .     (armour unavailable)
rNeg   . . .     Conserve .     (no shield)
rPois  +         rCorr    .     (helmet restricted)
rElec  .         rRot     .     j - +0 cloak {rPois}
SustAb . .       Spirit   .     (no gloves)
rMut   .         Warding  .     (no boots)
Saprov . . .     Stasis   .     (no amulet)
MR     .....                    (no ring)
                                (no ring)

@: very slightly contaminated, not resistant to hostile enchantments, unstealthy
A: unfitting armour, AC +6
a: no special abilities


You were on level 4 of the Dungeon.
You were hungry.

You visited 1 branch of the dungeon, and saw 4 of its levels.

You collected 108 gold pieces.

Inventory:

Missiles
 b - 30 arrows
Armour
 j - a +0 cloak of poison resistance (worn)
Magical devices
 f - a wand of digging (6) {unknown}
Comestibles
 a - 4 bread rations
 h - an orange
 i - 2 apples
 l - 2 chokos
 n - a chunk of jackal flesh
 o - 3 meat rations
 s - 4 chunks of jackal flesh
 t - a chunk of quokka flesh
Scrolls
 c - a scroll of immolation
 p - 3 scrolls of remove curse
Potions
 e - a potion of might
 g - a potion of confusion
 k - a potion of curing
 m - a potion of restore abilities {unknown}
Books
 d - a book of Changes

   Spells                             Type                      Level
   *Beastly Appendage                 Transmutation                1
   *Sticks to Snakes                  Transmutation                2
   *Spider Form                       Transmutation/Poison         3
   Ice Form                           Ice/Transmutation            4
   Blade Hands                        Transmutation                5
 q - a book of Summonings

   Spells                             Type                      Level
   Abjuration                         Summoning                    3
   Recall                             Summoning/Translocation      3
   Summon Elemental                   Summoning                    4
   Shadow Creatures                   Summoning                    5
   Summon Demon                       Summoning                    5
   Monstrous Menagerie                Summoning                    6


   Skills:
 - Level 1.1 Fighting
 - Level 1.7 Dodging
 * Level 6.4 Unarmed Combat
 - Level 2.0 Spellcasting
 + Level 4.9 Transmutations


You had 3 spell levels left.
You knew the following spells:

 Your Spells              Type           Power        Failure   Level  Hunger
a - Beastly Appendage     Trmt           ##....       4%          1    ##.....
b - Sticks to Snakes      Trmt           ##........   8%          2    ###....
c - Spider Form           Trmt/Pois      #.........   34%         3    ####...


Dungeon Overview and Level Annotations

Branches:
Dungeon (4/16)
 Temple: D:4-7

Altars:
Okawaru

Annotations:
D:3 Sigmund
D:4 Prince Ribbit


Message History

Prince Ribbit momentarily phases out as your attack passes through him.
Your tail-slap passes through Prince Ribbit as he momentarily phases out.
Prince Ribbit closely misses you.
You closely miss Prince Ribbit. You punch Prince Ribbit.
Prince Ribbit is lightly wounded.
Prince Ribbit closely misses you.
Prince Ribbit hits you but does no damage.
You hit Prince Ribbit.
Prince Ribbit is moderately wounded.
Prince Ribbit hits you but does no damage.
You are feeling hungry.
Prince Ribbit blinks!
Prince Ribbit hits you!
Casting: Spider Form
Confirm with . or Enter, or press ? or * to list all spells.
You miscast Spider Form.
You are very lightly contaminated with residual magic.
You feel a strange surge of energy! Prince Ribbit hits you!
* * * LOW HITPOINT WARNING * * *
Prince Ribbit hits you.
You die...

#.# #.# #.# # #.# .#
#.# ###.#
#########.######...#
.................#
...<############F#
.....# #@# .....#
#ยง# .....# ## #.#
#.##.# .. ... #.##.#
.# ###.# #.##.# .#
.. #.##.# .# ..[
#.##.######.# .##
#.##....).<.# .#


You could see Prince Ribbit.

Vanquished Creatures
  An ogre (D:4)
  A crocodile (D:3)
  The ghost of MarvinPA the Caller, a weakling OpSu of Nemelex Xobeh (D:3)
  A worker ant (D:4)
  Crazy Yiuf (D:3)
  An orc wizard (D:3)
  An orc priest (D:3)
  Jessica (D:2)
  6 adders
  A giant mite (D:2)
  A worm (D:3)
  5 giant geckos
  An ooze (D:4)
  8 orcs (D:3)
  7 giant cockroaches
  10 hobgoblins
  10 jackals
  3 ball pythons
  4 bats
  2 giant newts
  9 goblins
  8 kobolds
  2 quokkas
  8 rats
  A fungus (D:3)
94 creatures vanquished.

Notes
Turn   | Place    | Note
--------------------------------------------------------------
     0 | D:1      | Kae, the Draconian Transmuter, began the quest for the Orb.
     0 | D:1      | Reached XP level 1. HP: 16/16 MP: 3/3
   118 | D:1      | Reached XP level 2. HP: 21/23 MP: 4/4
   899 | D:2      | Reached XP level 3. HP: 12/28 MP: 6/6
  1320 | D:2      | Noticed Jessica
  1336 | D:2      | Killed Jessica
  1336 | D:2      | Reached skill level 4 in Unarmed Combat
  1450 | D:2      | Reached XP level 4. HP: 30/35 MP: 7/7
  1692 | D:2      | Found an iron altar of Okawaru.
  1884 | D:2      | Learned a level 2 spell: Sticks to Snakes
  1888 | D:2      | Learned a level 3 spell: Spider Form
  2358 | D:3      | Noticed MarvinPA's ghost (weakling OpSu)
  2375 | D:3      | Reached XP level 5. HP: 40/40 MP: 5/9
  2376 | D:3      | Noticed Sigmund
  2602 | D:3      | Reached skill level 5 in Unarmed Combat
  3284 | D:3      | Reached XP level 6. HP: 22/47 MP: 10/10
  3556 | D:3      | Killed MarvinPA's ghost
  3880 | D:3      | Noticed Crazy Yiuf
  3889 | D:3      | Killed Crazy Yiuf
  4261 | D:4      | Noticed Prince Ribbit
  4427 | D:4      | Reached skill level 6 in Unarmed Combat
  4617 | D:4      | Slain by Prince Ribbit

Action                   |  1- 3 |  4- 6 || total
-------------------------+-------+-------++-------
Melee: Unarmed           |   120 |   244 ||   364
 Cast: Beastly Appendage |     7 |     8 ||    15
       Spider Form       |       |     4 ||     4
  Use: Potion            |     1 |       ||     1
       Scroll            |       |     9 ||     9
